 Dungeon Crawl Stone Soup version 0.23-a0-303-gfcac5de (webtiles) character file.

1434 Geeful the Fighter (level 8, 0/132 HPs)
             Began as an Ogre Abyssal Knight on Oct 7, 2018.
             Was a Priest of Lugonu.
             Slain by a phantom (5 damage)
             ... on level 6 of the Dungeon on Oct 8, 2018.
             The game lasted 00:21:42 (5806 turns).

Geeful the Fighter (Ogre Abyssal Knight)            Turns: 5806, Time: 00:21:43

Health: 0/132      AC: 24    Str: 17    XL:     8   Next: 73%
Magic:  12/12      EV:  1    Int: 13    God:    Lugonu [***...]
Gold:   130        SH:  0    Dex: 19    Spells: 7/7 levels left

rFire    . . .     SeeInvis +   t - -1 giant spiked club
rCold    + . .     Gourm    +   (shield currently unavailable)
rNeg     + + +     Faith    .   (armour currently unavailable)
rPois    +         Spirit   .   (helmet currently unavailable)
rElec    .         Reflect  .   (cloak currently unavailable)
rCorr    .         Harm     .   (gloves unavailable)
MR       .....     NoTele   +   (boots unavailable)
Stlth    +++.......             p - amulet of the gourmand
HPRegen  0.32/turn              v - ring of Socec {rN+ SInv}
MPRegen  0.13/turn              i - ring "Riadu" {rC+ Dex+4}

@: agile, tree-form, berserk cooldown
A: large, unfitting armour
a: Depart the Abyss, Bend Space, Banish, Renounce Religion


You were on level 6 of the Dungeon.
You worshipped Lugonu.
Lugonu was most pleased with you.
You were completely stuffed.
You were a tree.
You visited 2 branches of the dungeon, and saw 7 of its levels.
You visited the Abyss 1 time.

You collected 444 gold pieces.
You spent 314 gold pieces at shops.

Inventory:

Hand Weapons
 t - a -1 giant spiked club (weapon)
Armour
 b - a +1 robe (melded)
Jewellery
 i - the ring "Riadu" (right branch) {rC+ Dex+4}
   (You found it on level 5 of the Dungeon)

   [ring of protection from cold]

   It affects your dexterity (+4).
   It protects you from cold.
 l - an uncursed ring of flight
 p - an amulet of the gourmand (around neck)
 v - the ring of Socec (left branch) {rN+ SInv}
   (You bought it in a shop on level 5 of the Dungeon)

   [ring of see invisible]

   It protects you from negative energy.
   It lets you see invisible.
Wands
 m - a wand of polymorph (6)
Scrolls
 f - a scroll of remove curse
 r - 3 scrolls of fear
 s - 2 scrolls of immolation
Potions
 a - a potion of mutation
 h - 2 potions of resistance
 j - 2 potions of haste
 n - a potion of might {unknown}
 o - a potion of brilliance
 w - a potion of degeneration {unknown}
Comestibles
 c - 14 rations


   Skills:
 + Level 8.0 Fighting
 + Level 5.0 Maces & Flails
 + Level 5.2 Dodging
 + Level 6.0 Invocations


You had 7 spell levels left.
You didn't know any spells.
Your spell library contained the following spells:

 Spells                   Type           Power        Failure   Level  Hunger
 Sandblast                Erth           #.....       30%         1    ##.....
 Summon Butterflies       Summ           #.......     30%         1    ##.....
 Passwall                 Tmut/Erth      #.......     43%         2    ###....
 Call Canine Familiar     Summ           #.......     67%         3    ####...
 Stone Arrow              Conj/Erth      #.....       67%         3    ####...
 Petrify                  Tmut/Erth      #.......     97%         4    #####..
 Summon Ice Beast         Ice/Summ       #.......     97%         4    #####..
 Lee's Rapid Deconstruct  Erth           #.........   100%        5    ######.
 Summon Mana Viper        Hex/Summ       #.......     100%        5    ######.
 Summon Hydra             Summ           #.........   100%        7    #######


Dungeon Overview and Level Annotations

Branches:
Dungeon (6/15)             Temple (1/1) D:4

Altars:
Ashenzari
Elyvilon
Hepliaklqana
Makhleb
Nemelex Xobeh
Xom
Zin
The Shining One

Shops:
D:5 =


Innate Abilities, Weirdness & Mutations

You are too large for most types of armour.
((You have tough skin. (AC +1)))


Message History

Lugonu accepts your kill.
The phantom blinks!
You sock the phantom!
The phantom is moderately damaged.
The phantom hits you.
* * * LOW HITPOINT WARNING * * *
You closely miss the phantom.
The phantom is moderately damaged.
The phantom blinks!
You closely miss the phantom.
The phantom is moderately damaged.
The phantom barely misses you.
You thump the phantom!
The phantom is severely damaged.
The phantom hits you but does no damage.
The phantom barely misses you.
You closely miss the phantom.
The phantom is severely damaged.
The phantom hits you.
You die...

≈_≈≈..# +.≈≈### +._≈#
+.≈≈# ≈_≈≈# ### ###
≈≈≈.# #.. ..# .##.#
#.# #.# .. .##. #.#
#W# ... .##.# #.# #♣#
#... ###.#
#.###)######.... #.#
#......>.......# #.#
#.###...........
##.## #.#
####........
##...#######.##
#.#####.#
.)....#.....#.#####)#
.)....o.o....)....).#
#.....#.####.########


You could see a phantom.

Vanquished Creatures
  A gargoyle (D:5)
  A phantom (D:5)
  A sky beast (D:6)
  4 ogres
  A gnoll sergeant (D:6)
  2 howler monkeys
  A hound (D:5)
  A bullfrog zombie (D:5)
  An orc priest (D:5)
  2 orc wizards
  Terence (D:2)
  2 iguanas
  3 worker ants
  2 hound skeletons
  A worker ant zombie (D:6)
  Robin (D:2)
  2 gnolls (D:6)
  4 adders
  3 oozes
  2 worms (D:3)
  A dart slug (D:5)
  2 leopard geckos
  10 orcs
  2 ball pythons
  4 bats
  4 giant cockroaches
  12 goblins
  8 hobgoblins
  6 jackals
  9 kobolds
  4 frilled lizards
  A quokka skeleton (D:6)
  5 rats
104 creatures vanquished.

Vanquished Creatures (others)
  An orc (D:6)
1 creature vanquished.

Grand Total: 105 creatures vanquished

Notes
Turn   | Place    | Note
-------+----------+-------------------------------------------
     0 | Abyss:1  | Geeful the Ogre Abyssal Knight began the quest for the Orb.
     0 | Abyss:1  | Reached XP level 1. HP: 24/24 MP: 2/2
    22 | Abyss:1  | Noticed a small abomination
    95 | Abyss:2  | Noticed an ancient zyme
    98 | D:1      | Escaped the Abyss
   458 | D:1      | Reached * piety under Lugonu
   458 | D:1      | Reached XP level 2. HP: 29/32 MP: 3/3
   989 | D:2      | Found a faded altar of an unknown god.
   991 | D:2      | Upgraded the game from 0.23-a0-301-g9da9e51 to
                  | 0.23-a0-303-gfcac5de
  1102 | D:2      | Found a shattered altar of Ashenzari.
  1124 | D:2      | Reached XP level 3. HP: 40/40 MP: 4/4
  1143 | D:2      | Noticed Terence
  1172 | D:2      | Killed Terence
  1172 | D:2      | Reached XP level 4. HP: 11/49 MP: 4/6
  1500 | D:2      | Found a burning altar of Makhleb.
  1524 | D:2      | Noticed Robin
  1537 | D:2      | Killed Robin
  2425 | D:3      | Reached skill level 5 in Fighting
  2440 | D:3      | Reached ** piety under Lugonu
  2544 | D:3      | Reached XP level 5. HP: 52/57 MP: 7/7
  3181 | D:4      | Found a staircase to the Ecumenical Temple.
  3187 | Temple   | Entered the Ecumenical Temple
  3914 | D:4      | Reached XP level 6. HP: 55/66 MP: 8/8
  4183 | D:5      | Entered Level 5 of the Dungeon
  4183 | D:5      | Noticed a gargoyle
  4192 | D:5      | Killed a gargoyle
  4192 | D:5      | Reached skill level 6 in Fighting
  4192 | D:5      | Reached XP level 7. HP: 44/76 MP: 10/10
  4529 | D:5      | Got a smoking lead ring
  4530 | D:5      | Identified the ring "Riadu" {rC+ Dex+4} (You found it on
                  | level 5 of the Dungeon)
  4687 | D:5      | Found a hazy altar of Hepliaklqana.
  4688 | D:5      | Found a shimmering altar of Xom.
  4690 | D:5      | Reached skill level 5 in Invocations
  4691 | D:5      | Noticed a spectral ugly thing
  4726 | D:5      | Reached skill level 7 in Fighting
  4726 | D:5      | Reached XP level 8. HP: 57/87 MP: 11/11
  4756 | D:5      | Found Pesonoux's Jewellery Emporium.
  5021 | D:5      | Bought the ring of Socec {rN+ SInv} for 314 gold pieces
  5114 | D:6      | Found a white marble altar of Elyvilon.
  5114 | D:6      | Found a glowing silver altar of Zin.
  5115 | D:6      | Found a glowing golden altar of the Shining One.
  5324 | D:6      | Reached *** piety under Lugonu
  5357 | D:6      | HP: 6/130 [poisoned by a gnoll]
  5637 | D:6      | Reached skill level 5 in Dodging
  5787 | D:6      | HP: 1/88 [phantom (10)]
  5792 | D:6      | HP: 3/132 [ogre/giant club (2)]
  5795 | D:6      | Reached skill level 8 in Fighting
  5795 | D:6      | Reached skill level 5 in Maces & Flails
  5802 | D:6      | HP: 3/132 [phantom (4)]
  5806 | D:6      | Slain by a phantom

Vault maps used:
D:1:      onia_arrival_pyramid
D:2:      evilmike_ruin_ashenzari, lemuel_coloured_pillars_altar,
          chequers_ecumenical_altar_island, chequers_big_river, uniq_terence,
          uniq_robin
D:3:      serial_bayou_crossing
D:4:      minmay_temple_entry_grid, minmay_tree_intersection
D:5:      regret_index_temple_of_mockery, first_ration, serial_shops, shop
D:6:      good_gods_mini_temple
Temple:   nicolae_temple_figure_eight

Skill      XL: |  1  2  3  4  5  6  7  8 |
---------------+-------------------------+-----
Maces & Flails | 2 3 4 5 |  5.0
Invocations    | 3 4 5 6 |  6.0
Fighting       | 5 6 7 8 |  8.0
Dodging        | 3 4 5 |  5.2

Action                   |  1- 3 |  4- 6 |  7- 9 || total
-------------------------+-------+-------+-------++-------
Melee: Mace              |    71 |   159 |       ||   230
       Giant club        |       |     8 |       ||     8
       Dire flail        |       |       |    26 ||    26
       Giant spiked club |       |       |   133 ||   133
Throw: Tomahawk          |       |     6 |       ||     6
Invok: Depart the Abyss  |     1 |       |       ||     1
Evoke: Wand              |       |       |     2 ||     2
  Use: Scroll            |     4 |     8 |     8 ||    20
       Potion            |       |     4 |     9 ||    13
 Stab: Sleeping          |       |       |     1 ||     1
  Eat: Chunk             |     1 |    14 |    11 ||    26
Armor: Robe              |    13 |    62 |    33 ||   108
       Skin              |       |     4 |    35 ||    39
Dodge: Dodged            |    31 |    99 |   110 ||   240

Table legend:
 A = Non-vault XP
 B = Vault XP
 C = Vault XP percentage of total XP
 D = Non-vault monster count
 E = Vault monster count
 F = Vault count percentage of total count
                 A         B        C        D         E       F
            +---------+---------+-------+---------+---------+-------
      Total |    1975 |      74 |   3.6 |      90 |      14 |  13.5
            +---------+---------+-------+---------+---------+-------
        D:1 |      22 |       0 |   0.0 |      12 |       0 |   0.0
        D:2 |      25 |      74 |  74.7 |       6 |      14 |  70.0
        D:3 |     101 |       0 |   0.0 |      27 |       0 |   0.0
        D:4 |     269 |       0 |   0.0 |       9 |       0 |   0.0
        D:5 |     906 |       0 |   0.0 |      18 |       0 |   0.0
        D:6 |     652 |       0 |   0.0 |      18 |       0 |   0.0
            +---------+---------+-------+---------+---------+-------
